 Dungeon Crawl Stone Soup version 0.30.0 (webtiles) character file.

Game seed: 12904766160762192300

142 samcosmo the Grasshopper (level 5, -1/42 HPs)
             Began as a Barachi Warper on July 3, 2023.
             Killed from afar by Blork the orc (8 damage)
             ... with a puff of flame
             ... on level 4 of the Dungeon.
             The game lasted 00:08:52 (2716 turns).

samcosmo the Grasshopper (Barachi Warper)           Turns: 2716, Time: 00:08:53

Health: -1/42      AC: 10    Str: 15    XL:     5   Next: 25%
Magic:  6/9        EV: 11    Int: 13    God:
Gold:   110        SH:  0    Dex: 11    Spells: 8/10 levels left

rFire   . . .        o - +0 hand axe (elec)
rCold   + . .        (no shield)
rNeg    . . .        f - +2 ring mail {rC+}
rPois   .            m - +0 helmet
rElec   .            e - +0 cloak
rCorr   .            (no gloves)
SInv    .            l - +0 pair of boots
Will    .....        (no amulet)
Stlth   +            (no ring)
HPRegen 0.27/turn    (no ring)
MPRegen 0.11/turn

%: no passive effects
@: unable to hop, on blink cooldown, slow
A: amphibious, slowness 1, strong legs 1, +LOS
a: Hop


You were on level 4 of the Dungeon.
You visited 1 branch of the dungeon, and saw 4 of its levels.

You collected 110 gold pieces.

Inventory:

Hand Weapons
 a - a +0 falchion
 o - a +0 hand axe of electrocution (weapon)
Missiles
 d - 7 boomerangs of dispersal (quivered)
Armour
 b - a +0 leather armour
 e - a +0 cloak (worn)
 f - a +2 ring mail of cold resistance (worn)
 l - a +0 pair of boots (worn)
 m - a +0 helmet (worn)
Scrolls
 c - 2 scrolls of blinking
 k - a scroll of immolation
Potions
 g - a potion of flight {unknown}
 h - 3 potions of curing
 i - a potion of berserk rage {unknown}
 j - a potion of heal wounds {unknown}
 n - a potion of attraction {unknown}
 p - 2 potions of mutation {unknown}
 q - a potion of might {unknown}
 s - a potion of degeneration {unknown}


   Skills:
 + Level 3.8 Fighting
 - Level 2.6 Long Blades
 - Level 1.0 Throwing
 - Level 2.0 Armour
 - Level 2.1 Dodging
 + Level 3.0 Spellcasting
 * Level 4.8 Translocations


You had 8 spell levels left.
You knew the following spells:

 Your Spells              Type           Power      Damage    Failure   Level
a - Blink                 Tloc           28%        N/A       9%          2

Your spell library contained the following spells:

 Spells                   Type           Power      Damage    Failure   Level
 Lesser Beckoning         Tloc           28%        N/A       9%          2
 Gell's Gravitas          Tloc           14%        N/A       19%         3
 Teleport Other           Tloc           14%        N/A       19%         3
 Freeze                   Ice            8%         1d3       41%         1
 Magic Dart               Conj           8%         1d3       41%         1
 Vhi's Electric Charge    Tloc/Air       16%        N/A       43%         3
 Manifold Assault         Tloc           14%        N/A       52%         4
 Searing Ray              Conj           4%         2d4       54%         2
 Frozen Ramparts          Ice            4%         1d1       78%         3
 Hailstorm                Conj/Ice       2%         3d3       78%         3
 Fulminant Prism          Conj/Hex       1%         3d5       99%         4


Dungeon Overview and Level Annotations

Branches:
Dungeon (4/15)
 Temple: D:4-7

Altars:
Nemelex Xobeh
Xom

Annotations:
D:3 1 runed translucent door, Crazy Yiuf
D:4 Blork the orc


Innate Abilities, Weirdness & Mutations

You are amphibious.
You cover ground slowly.
You can hop short distances.
You have an extended range of vision and can be seen from far away.


Message History

Found a scroll of identify.
Found a stone staircase leading down.
Blork the orc shouts!
Blork the orc mumbles some strange words.
Blork the orc seems to speed up.
Okay, then.
Unknown command.
Blork the orc points at you and mumbles some strange words.
The puff of frost hits you. You resist.
Blork the orc gestures at you while chanting.
The magic dart hits you.
Hop to where?
Press: ? - help, Dir - move target Boing!
Blork the orc casts a spell at you. The puff of flame hits you.
Blork the orc points at you and mumbles some strange words.
The puff of flame hits you!
Blork the orc screams, "I'm much stronger than you!"
Blork the orc gestures at you while chanting.
The magic dart hits you.
Casting: Blink (safe; 9% risk of failure)
Confirm with . or Enter, or press ? or * to list all spells.
You blink.
Blork the orc points at you and mumbles some strange words.
The magic dart hits you.
Blork the orc hits you with a +0 dire flail.
You feel stable enough to blink again.
Blork the orc hits you with a +0 dire flail.
Blork the orc attacks as you move away!
Blork the orc hits you with a +0 dire flail!
* * * LOW HITPOINT WARNING * * *
Blork the orc hits you but does no damage.
Casting: Blink (safe; 9% risk of failure)
Confirm with . or Enter, or press ? or * to list all spells.
You blink.
Blork the orc screams, "I'll eat your brain!
And then I'll vomit it back up!"
Blork the orc looks satisfied for a moment.
Blork the orc gestures at you while chanting.
The puff of flame hits you!
You die...

.# ..#
...# #####
...#
#...##
#..##....#
#.....@<#
##......#
#......#
##o.....#
#ยง......#
#.......#
##.......#
#........#
#.......##


You could see Blork the orc (fast).

Vanquished Creatures
  3 gnolls (D:3)
  4 adders (D:3)
  2 worms
  3 dart slugs
  7 ball pythons
  7 endoplasms
  7 giant cockroaches
  6 goblins
  4 hobgoblins
  2 jackals (D:2)
  4 kobolds
  3 quokkas
  3 bats
  3 frilled lizards
  5 rats
63 creatures vanquished.

Notes
Turn   | Place    | Note
-------+----------+-------------------------------------------
     0 | D:1      | samcosmo the Barachi Warper began the quest for the Orb.
     0 | D:1      | Reached XP level 1. HP: 17/17 MP: 3/3
   135 | D:1      | Reached XP level 2. HP: 3/23 MP: 5/5
   477 | D:1      | Reached XP level 3. HP: 29/29 MP: 6/6
   747 | D:2      | Learned a level 2 spell: Blink
   946 | D:2      | Found a shimmering altar of Xom.
  1307 | D:2      | Reached skill level 4 in Translocations
  1741 | D:3      | Reached XP level 4. HP: 35/35 MP: 7/7
  1789 | D:3      | Found a sparkling altar of Nemelex Xobeh.
  2070 | D:3      | Reached XP level 5. HP: 34/42 MP: 9/9
  2311 | D:3      | Found a runed translucent door.
  2312 | D:3      | Noticed Crazy Yiuf
  2690 | D:4      | Noticed Blork the orc
  2716 | D:4      | Killed from afar by Blork the orc

Illustrated notes

Levels and vault maps discovered:
D:1:      dpeg_arrival_more_subterranean_lakeside_camping, layout_rooms,
          fountainhead, minivault_24
D:2:      layout_loops_corners, basic_altar, minmay_box_of_dots
D:3:      layout_loops_ring, mainiacjoe_overflow_24_doors,
          uniq_crazy_yiuf_cottage
D:4:      layout_cave_pods, minmay_increasing_density, uniq_blork_the_orc,
          uniq_edmund

Skill      XL: |  1  2  3  4  5 |
---------------+----------------+-----
Fighting       | 3 |  3.8
Armour         | 2 |  2.0
Translocations | 4 |  4.8
Spellcasting   | 3 |  3.0
Long Blades    | |  2.6
Throwing       | |  1.0
Dodging        | |  2.1

Action                     |  1- 3 |  4- 6 || total
---------------------------+-------+-------++-------
  Melee: Falchion          |   103 |       ||   103
         Punch             |     2 |       ||     2
         Hand axe          |    78 |    61 ||   139
   Cast: Blink             |       |     2 ||     2
Ability: Hop               |       |     1 ||     1
    Use: Scroll            |     5 |     1 ||     6
 Armour: Ring mail         |   101 |    28 ||   129
  Dodge: Dodged            |   124 |    44 ||   168
